 Dungeon Crawl Stone Soup version 0.14-a0-102-g2341383 (console) character file.

1347 Kellhus the Ruinous (level 8, 40/40 HPs)
             Began as a Gargoyle Wizard on Oct 2, 2013.
             Quit the game on Level 5 of the Dungeon.
             The game lasted 00:09:53 (5203 turns).

Kellhus the Ruinous (Gargoyle Wizard)               Turns: 5203, Time: 00:09:53

HP  40/40        AC  9     Str 11      XL: 8   Next: 24%
MP  22/22        EV 11     Int 21      God:
Gold 308         SH  0     Dex  8      Spells:  3 memorised, 13 levels left

Res.Fire  : . . .   See Invis. : .   v - -1,-2 orc flail
Res.Cold  : . . .   Warding    : .   a - +0 robe
Life Prot.: + . .   Conserve   : .   (no shield)
Res.Poison: +       Res.Corr.  : .   b - +0 wizard hat
Res.Elec. : +       Clarity    : .   B - +1 cloak
Sust.Abil.: . .     Spirit.Shd : .   (no gloves)
Res.Mut.  : .       Stasis     : .   (no boots)
Res.Rott. : +       Flight     : .   (no amulet)
Saprovore : . . .                    (no ring)
                                     u - ring of protection from magic {unknown}

@: quite resistant to hostile enchantments, unstealthy
A: fangs 1, talons 2, life protection 1, electricity resistance, slow metabolism
1, unbreathing, petrification resistance, AC +5
a: no special abilities


You were on level 5 of the Dungeon.
You were hungry.

You visited 1 branch of the dungeon, and saw 5 of its levels.

You collected 288 gold pieces.

Inventory:

Hand weapons
 j - a -1,+1 orcish short sword
 v - a -1,-2 orcish flail (weapon)
Missiles
 s - 16 poisoned needles
Armour
 a - a +0 robe (worn)
 b - a +0 wizard hat (worn)
 B - a +1 cloak (worn)
Magical devices
 p - a wand of polymorph (13)
Comestibles
 d - 4 bread rations
 f - a rotting chunk of adder flesh
 t - 2 chokos
Scrolls
 g - a scroll of fear
 r - a scroll of teleportation
Jewellery
 u - a ring of protection from magic (left hand) {unknown}
Potions
 k - a potion of agility
 m - 3 potions of curing
 q - 3 potions of flight
 w - a potion of degeneration
 x - a potion of speed {unknown}
 z - a potion of invisibility {unknown}
Books
 c - a book of Minor Magic

   Spells                             Type                      Level
   *Magic Dart                        Conjuration                  1
   Blink                              Translocation                2
   Call Imp                           Summoning                    2
   Repel Missiles                     Charms/Air                   2
   Slow                               Hexes                        2
   *Conjure Flame                     Conjuration/Fire             3
   *Mephitic Cloud                    Conjuration/Poison/Air       3
 y - a book of Fire

   Spells                             Type                      Level
   Fire Brand                         Charms/Fire                  2
   Ignite Poison                      Fire/Transmutation           5
   Fireball                           Conjuration/Fire             5
   Bolt of Fire                       Conjuration/Fire             6
   Delayed Fireball                   Conjuration/Fire             7
   Ring of Flames                     Charms/Fire                  7


   Skills:
 - Level 1.5 Dodging
 - Level 2.1 Stealth
 + Level 6.9 Spellcasting
 - Level 7.0 Conjurations
   Level 0.8 Summonings
   Level 0.8 Translocations


You had 13 spell levels left.
You knew the following spells:

 Your Spells              Type           Power        Failure   Level  Hunger
a - Magic Dart            Conj           ####         1%          1    None
b - Conjure Flame         Conj/Fire      ###.....     10%         3    #......
c - Mephitic Cloud        Conj/Pois/Air  ###.....     12%         3    #......


Dungeon Overview and Level Annotations

Branches:
Dungeon (5/27)
 Temple: D:4-7

Altars:
Ashenzari
Kikubaaqudgha
Xom


Innate Abilities, Weirdness & Mutations

You are resistant to torment.
You are immune to poison.
Your stone body is very resilient (AC +5).
You have very sharp teeth.
You have razor-sharp toenails.
You resist negative energy.
You are resistant to electric shocks.
You have a slow metabolism.
You can survive without breathing.
You are immune to petrification.


Message History

Press: ? - help, v - describe, . - travel
Here: casual's ghost (flame, heavily damaged)
The floor.
Casual's ghost is engulfed in roaring flames.
Casual's ghost hits you but does no damage.
You smell something rotten. (slot f)
Casting: Conjure Flame
Confirm with . or Enter, or press ? or * to list all spells.
Aiming: Magic Dart
Press: ? - help, Shift-Dir - straight line, f - casual's ghost
Aim: casual's ghost (flame, almost destroyed)
The magic dart hits casual's ghost.
Casual's ghost is almost destroyed.
Casual's ghost is engulfed in roaring flames.
You destroy casual's ghost!
Your Spellcasting skill increases to level 6!
You have reached level 8!
You feel stronger.
You start resting.
Magic restored.
Are you sure you want to abandon this character and quit the game? (Confirm with "yes".)

### ..# ### #.# ...
#.# ..# #.#
########.# #.#
#.....##.# #)# .
#.###.##.# ..#
....#.###.##.# #
###.....#...#.##@#.#
........###.#......#
####....###.####.###
# ....#...........
####....#.#.####...#
....# #.#... .#....
###.#####.####.#
..##. #....##.# #
... ####.##.# ...#


There were no monsters in sight!

Vanquished Creatures
  The ghost of casual the Ducker, an experienced OpTm of Cheibriados (D:5)
  An ice beast (D:4)
  A phantom (D:4)
  2 orc priests (D:4)
  A hound (D:4)
  5 orc wizards (D:4)
  4 worker ants
  3 gnolls (D:3)
  7 adders
  4 worms
  An ooze (D:1)
  2 giant geckos
  8 orcs (D:4)
  14 bats
  4 giant cockroaches
  13 goblins
  14 hobgoblins
  2 jackals (D:2)
  A giant gecko skeleton (D:4)
  7 giant newts
  10 kobolds
  10 rats
  A plant (D:1)
116 creatures vanquished.

Vanquished Creatures (others)
  An adder (D:4)
  A jackal (D:4)
  2 kobolds (D:4)
  A rat (D:4)
5 creatures vanquished.

Grand Total: 121 creatures vanquished

Notes
Turn   | Place    | Note
--------------------------------------------------------------
     0 | D:1      | Kellhus, the Gargoyle Wizard, began the quest for the Orb.
     0 | D:1      | Reached XP level 1. HP: 8/8 MP: 5/5
   241 | D:1      | Reached XP level 2. HP: 13/13 MP: 0/7
   783 | D:1      | Reached XP level 3. HP: 17/17 MP: 3/9
  1129 | D:2      | Found a shattered altar of Ashenzari.
  1481 | D:2      | Reached skill level 4 in Conjurations
  1481 | D:2      | Reached XP level 4. HP: 14/22 MP: 4/11
  1557 | D:2      | Found an ancient bone altar of Kikubaaqudgha.
  2266 | D:3      | Reached skill level 5 in Conjurations
  2345 | D:3      | Reached XP level 5. HP: 26/26 MP: 7/12
  2830 | D:3      | Learned a level 3 spell: Conjure Flame
  2834 | D:3      | Learned a level 3 spell: Mephitic Cloud
  2971 | D:4      | Found a shimmering altar of Xom.
  3097 | D:4      | Reached skill level 6 in Conjurations
  3167 | D:4      | Reached XP level 6. HP: 26/31 MP: 7/14
  3470 | D:4      | Reached skill level 7 in Conjurations
  3767 | D:4      | Reached XP level 7. HP: 29/35 MP: 6/18
  3946 | D:4      | Noticed an ice beast
  3973 | D:4      | Killed an ice beast
  4381 | D:4      | Reached skill level 5 in Spellcasting
  4925 | D:5      | Entered Level 5 of the Dungeon
  5111 | D:5      | Noticed casual's ghost (experienced OpTm)
  5116 | D:5      | Killed casual's ghost
  5116 | D:5      | Reached XP level 8. HP: 40/40 MP: 6/22
  5203 | D:5      | Quit the game

Action                   |  1- 3 |  4- 6 |  7- 9 || total
-------------------------+-------+-------+-------++-------
Melee: Unarmed           |    13 |       |       ||    13
       Short sword       |    46 |       |       ||    46
       Flail             |       |       |     4 ||     4
 Cast: Magic Dart        |    79 |   152 |   103 ||   334
       Mephitic Cloud    |       |     6 |     2 ||     8
       Conjure Flame     |       |       |     4 ||     4
Evoke: Wand              |     1 |       |       ||     1
  Use: Scroll            |       |       |    11 ||    11
